[Event "*** Titled Tuesday Blitz"]
[Site "Chess.com"]
[Date "2020.04.21"]
[Round "3"]
[White "steepedgames"]
[Black "Kaponov"]
[Result "0-1"]
[WhiteElo "2334"]
[BlackElo "2125"]
[TimeControl "180+1"]
[EndTime "10:30:26 PDT"]
[Termination "Kaponov won by resignation"]

1. d4 Nf6 2. Bg5 c5 3. d5 Qb6 4. Bxf6 Qxf6 5. c3 d6 6. Nd2 g5 7.
g3 h5 8. h4 g4 9. Bg2 Bh6 10.
e3 Nd7 11. Ne2 Ne5 12. Ne4 Qg7 13. Nf4 Bf5 14. Qa4+ Bd7 15. Qb3 Bxf4 16. exf4 Nd3+ 17. Kd2 c4 18. Qxc4 Nxb2 19. Qd4 Qxd4+ 20. cxd4 Nc4+ 21. Kd3 Nb6 22. Nc3 Bf5+ 23. Be4 Bd7 24. Rab1 O-O 25. Rhc1 Rac8 26. a4 Rc7 27. a5 Nc4 28. Nb5 Bxb5 29. Rxb5 Nb2+ 30. Kd2 Rxc1 31. Kxc1 Nc4 32. Bd3 Rc8 33.
Kd1 b6 34. Bxc4 Rxc4 35. axb6 Rxd4+ 36. Ke1 axb6 37. Ke2 Rc4 38. Rxb6 Rc5 39. Rb7 Kf8 40. Rb8+ Kg7 41. Rb7 Kf6 42. Ke3 Rxd5 43. f3 gxf3 44. Kxf3 Rd3+ 45. Kf2 Ra3 46. Rb5 e6 47. Rxh5 d5 48. Re5 Kg6 49. g4 Ra4 50. Kf3 Ra3+ 51. Re3 Ra4 52. h5+ Kh6 53. g5+ Kxh5 54. Kg3 Kg6 55. Kg4 Re4 56. Rd3 d4 57. Kg3 Re3+ 58.
Rxe3 dxe3 59. Kf3 e2 60. Kxe2 e5 61. Kf3 Kf5 62. fxe5 Kxe5 63. Kg4 Ke4 64. Kh5 Kf5 65. g6 fxg6+ 66. Kh4 Kf4 67. Kh3 Kf3 68. Kh4 Kf4 69.
Kh3 g5 70. Kg2 Kg4 71. Kh2 Kf3 72. Kh3 g4+ 73. Kh2 Kf2 74. Kh1 Kg3 75. Kg1 Kh3 76.
Kh1 g3 77. Kg1 g2 78. Kf2 Kh2 79. Kf3 g1=Q 0-1

[Event "*** Titled Tuesday Blitz"]
[Site "Chess.com"]
[Date "2020.04.21"]
[Round "3"]
[White "Biranidun"]
[Black "nihalsarin"]
[Result "1-0"]
[WhiteElo "2721"]
[BlackElo "3038"]
[TimeControl "180+1"]
[EndTime "10:30:28 PDT"]
[Termination "Biranidun won on time"]

1. e4 Nc6 2. Nf3 e5 3. Bb5 a6 4. Ba4 Nf6 5. O-O Be7 6. Re1 b5 7. Bb3 O-O 8. c3 d5 9. exd5 Nxd5 10. Nxe5 Nxe5 11. Rxe5 c6 12. d4 Bd6 13. Re1 Qh4 14.
g3 Qh3 15. Be3 Bg4 16. Qd3 Rae8 17. Nd2 Qh5 18. a4 Re6 19. axb5 axb5 20. Nf1 Bf3 21. Bd1 Rfe8 22. Bxf3 Qxf3 23. Qd1 Qf5 24. Bd2 Rxe1 25. Bxe1 h5 26. Ra6 h4 27. Rxc6 h3 28. f3 Qd7 29. Ra6 Bf8 30. Bf2 Qf5 31. Ra1 g6 32. Nd2 Bh6 33. Ne4 Rxe4 34. fxe4 Qxe4 35. Qf1 Qg4 36. Re1 Nf6 37. Qe2 Qd7 38. Qe5 Qb7 39.
d5 Nxd5 40. Bd4 Nf6 41. Re2 Bg7 42. Qf4 Nh5 43. Qe4 Qc7 44. Qe8+ Kh7 45. Qe4 Kg8 46. Bxg7 Nxg7 47. Qe5 Qa7+ 48. Qd4 Qb7 49. Kf2 Qg2+ 50. Ke1 Qh1+ 51. Kd2 Qb1 52. c4 bxc4 53. Kc3 Ne6 54. Qxc4 Qc1+ 55. Kb3 Qd1+ 56. Ka2 Qd7 57. b3 Qa7+ 58.
Kb2 Qe7 59. Rd2 Qf6+ 60. Qc3 Qf1 61. b4 Qb5 62. Rc2 Qf5 63. Kb3 Qd5+ 64. Qc4 Nd4+ 65.
Kc3 Nb5+ 66. Kb3 Nd4+ 67. Kb2 Qe4 68. Rd2 Qe3 69. Qxd4 Qe7 70. Qd8+ 1-0

[Event "*** Titled Tuesday Blitz"]
[Site "Chess.com"]
[Date "2020.04.21"]
[Round "3"]
[White "BilodeauA"]
[Black "WhiteKnight2612"]
[Result "1-0"]
[WhiteElo "2867"]
[BlackElo "2649"]
[TimeControl "180+1"]
[EndTime "10:30:28 PDT"]
[Termination "BilodeauA won by checkmate"]

1. e4 e5 2. Nf3 Nc6 3. Bb5 a6 4. Ba4 Nf6 5. O-O Be7 6. Re1 b5 7. Bb3 d6 8. c3 Na5 9. Bc2 c5 10.
d4 Qc7 11. h3 O-O 12. Nbd2 Re8 13. Nf1 Nc6 14. Be3 Bf8 15. Ng3 g6 16. Rc1 Bb7 17. Qd2 Rad8 18. Bb1 Kh8 19. Bh6 Ng8 20. Bxf8 Rxf8 21.
Nf1 f6 22. Ne3 Nge7 23. Rcd1 c4 24. b3 Na5 25. bxc4 Nxc4 26. Nxc4 bxc4 27. Bc2 Bc6 28.
Rb1 Rb8 29. Qe2 Bd7 30. Nd2 Rfc8 31. Rxb8 Qxb8 32. Rb1 Qa7 33. dxe5 dxe5 34. Nxc4 Bb5 35. Bd3 Qc5 36. Ne3 Bxd3 37. Qxd3 Qxc3 38. Qxa6 Qc6 39. Qa7 Rc7 40. Qb8+ Kg7 41. Qb4 Ra7 42. Rd1 Kf7 43.
Rd6 Qb7 44. Qc4+ Kg7 45. Qe6 Ng8 46. Nd5 Qf7 47. Qc8 Ne7 48. Nxe7 Qxe7 49. Qc6 Rc7 50. Qd5 Ra7 51. a4 Qc7 52. Kh2 Qc1 53. g3 Qc2 54. Rd7+ Kh6 55. Kg1 Qxa4 56. Qd2+ g5 57. Rd6 Kg7 58. Qe3 Qa1+ 59. Kg2 Qa5 60. Qf3 Rf7 61. Qf5 Qc7 62. Re6 Qd8 63. h4 h6 64.
h5 Qf8 65. Qg6+ Kh8 66. Kh3 Qg7 67. Qf5 Qf8 68. Kg4 Qg7 69. Qg6 Qf8 70. Kf5 Rg7 71.
Qxh6+ Kg8 72. Rxf6 Qc8+ 73. Re6 Qf8+ 74. Kg4 Qxf2 75.
Re8+ Kf7 76. Qe6# 1-0

[Event "*** Titled Tuesday Blitz"]
[Site "Chess.com"]
[Date "2020.04.21"]
[Round "3"]
[White "Macron20hTF1"]
[Black "Twitch_ElhamBlitz05"]
[Result "1-0"]
[WhiteElo "2417"]
[BlackElo "2594"]
[TimeControl "180+1"]
[EndTime "10:30:32 PDT"]
[Termination "Macron20hTF1 won by checkmate"]

1. d4 c6 2. c4 d5 3. Nf3 Nf6 4. Nc3 g6 5. e3 Bg7 6. Be2 O-O 7. O-O Nbd7 8. b3 Ne4 9. Bb2 Nxc3 10. Bxc3 e6 11. a4 b6 12. a5 Rb8 13. Qc2 Re8 14. axb6 axb6 15. Qb2 b5 16. cxb5 cxb5 17.
Bb4 e5 18. Bd6 exd4 19. Nxd4 Rb6 20. Bb4 Qh4 21. Rfd1 Ne5 22. Ra8 Bd7 23. Rxe8+ Bxe8 24. Qa3 Nc6 25. Bc5 Nxd4 26. Bxd4 Bxd4 27. Rxd4 Qd8 28.
g3 Kg7 29. Bf3 Rd6 30. Qc5 Bc6 31. e4 Qf6 32. exd5 Bd7 33. Rf4 Qa1+ 34. Kg2 Qe5 35.
b4 h5 36. h4 Bf5 37. Qxb5 Qe1 38. Qc5 Ra6 39. Qd4+ Kg8 40. Qd1 Qe5 41. Rd4 Rd6 42.
b5 Bd7 43. Qd3 Qf6 44. Rf4 Qe5 45. Qd4 Qe1 46. b6 Qb1 47. Rf6 Rxf6 48. Qxf6 Bf5 49.
Qd4 Bd7 50. d6 Qf5 51. Qe3 Qh3+ 52. Kg1 Qf5 53. b7 Qb1+ 54. Kg2 Kh7 55. Qe7 Be6 56. d7 Qf5 57. d8=Q Qh3+ 58. Kg1 Bc4 59. Qd1 Qf5 60. Bg2 Qb5 61. Qe3 Be6 62. Qdd2 Qb1+ 63. Kh2 Qb5 64. Qh6+ Kg8 65. Qd8+ Qe8 66. Qxe8# 1-0

[Event "*** Titled Tuesday Blitz"]
[Site "Chess.com"]
[Date "2020.04.21"]
[Round "3"]
[White "Sanyura"]
[Black "DrMelekess"]
[Result "0-1"]
[WhiteElo "2432"]
[BlackElo "2697"]
[TimeControl "180+1"]
[EndTime "10:30:36 PDT"]
[Termination "DrMelekess won by checkmate"]

1. e4 Nc6 2. Nf3 d5 3. exd5 Qxd5 4. Nc3 Qa5 5. Be2 Bg4 6. O-O O-O-O 7. a3 Nf6 8. h3 Bxf3 9. Bxf3 Nd4 10. b4 Qf5 11. Be2 Qxc2 12. Qxc2 Nxc2 13. Ra2 Nd4 14. Bc4 e6 15. d3 Be7 16. Bf4 a6 17. Rc1 Bd6 18. Be3 Nf5 19. Bg5 h6 20. Bxf6 gxf6 21. Ne4 Be7 22.
b5 axb5 23. Bxb5 c6 24. a4 Nd4 25. Bc4 f5 26. Nc3 Kc7 27. a5 Ra8 28. Rb1 Ra7 29.
a6 b5 30. Bb3 Rha8 31. Ne2 Nxb3 32. Rxb3 Rxa6 33. Rc2 Ra2 34. Rbb2 Rxb2 35. Rxb2 Ra1+ 36. Kh2 Bd6+ 37. g3 Rd1 38. d4 b4 39. Kg2 f6 40.
g4 fxg4 41. hxg4 e5 42. dxe5 fxe5 43. Kf3 c5 44. Ke4 c4 45. Rc2 c3 46. Nxc3 bxc3 47. Rxc3+ Kd7 48. Rh3 Rd4+ 49. Ke3 Rxg4 50. Rxh6 Bc5+ 51.
Ke2 Re4+ 52. Kd3 Rf4 53. Rh5 Kd6 54. Rh8 Rxf2 55. Rd8+ Ke7 56. Rd5 Bd4 57. Rb5 Ke6 58. Rb8 Rf3+ 59. Ke2 Re3+ 60. Kd2 Kd5 61. Rh8 Ra3 62.
Rh4 Kc4 63. Rh8 Ra2+ 64. Kc1 e4 65. Rh3 e3 66. Kb1 Rg2 67. Rh1 Rb2+ 68. Kc1 Ra2 69. Rh3 Kd3 70. Rxe3+ Bxe3+ 71. Kb1 Rd2 72. Kc1 Kc3 73. Kb1 Kb3 74. Kc1 Rd3+ 75. Kb1 Rd1# 0-1

[Event "*** Titled Tuesday Blitz"]
[Site "Chess.com"]
[Date "2020.04.21"]
[Round "3"]
[White "lupta_robin"]
[Black "Evgeny81"]
[Result "1-0"]
[WhiteElo "2536"]
[BlackElo "2725"]
[TimeControl "180+1"]
[EndTime "10:30:38 PDT"]
[Termination "lupta_robin won by resignation"]

1. b3 d5 2. Bb2 Nf6 3. Nf3 c5 4. e3 Nc6 5. Bb5 e6 6. Ne5 Bd7 7. Bxc6 Bxc6 8. f4 Rc8 9. O-O Be7 10. d3 O-O 11. Nd2 Be8 12. Ndf3 Nd7 13. Nxd7 Bxd7 14.
c4 b5 15. Ne5 Be8 16. Qe2 f6 17. Nf3 bxc4 18. bxc4 Qb6 19. Bc3 Qa6 20. Rab1 Bf7 21. Rfc1 dxc4 22. dxc4 Bg6 23. Rb3 Qc6 24. Nd2 Rfd8 25.
e4 Bd6 26. g3 Bc7 27. Re1 Rd7 28. Nf1 Rcd8 29. Bb2 Ba5 30. Bc3 Bxc3 31. Rxc3 Rd4 32.
e5 Bd3 33. Qf2 f5 34. Ne3 Be4 35. Re2 Qa4 36. h3 h6 37. Kh2 Rb8 38. Rc1 Qa3 39.
Rg1 Rbd8 40. g4 Bd3 41. Rd2 Be4 42. Re2 R8d7 43. gxf5 exf5 44. Qh4 Qd3 45. Rge1 Bf3 46. Rf2 Ba8 47. e6 Rd8 48. e7 Re8 49. Nd5 Bxd5 50.
cxd5 Rxd5 51. Rg2 Qd4 52. Qxh6 Rd6 53. Rxg7+ Qxg7 54. Qxd6 Kh7 55. Qe6 Qh6 56. Qf7+ Qg7 57. Qh5+ Qh6 58. Qf7+ Qg7 59. Qxe8 Qb2+ 60. Kg1 Qd4+ 61.
Kh1 Qd5+ 62. Kg1 Qd4+ 63. Kg2 Qd2+ 64. Kf3 Qd3+ 65. Re3 Qf1+ 66. Kg3 Qg1+ 67. Kh4 Qxe3 68. Qf7+ Kh6 69. Qf6+ Kh7 70. Qxf5+ Kh6 71. Qf6+ Kh7 72. Qf7+ Kh6 73. e8=Q Qf2+ 74. Kg4 Qg2+ 75. Kf5 Qc2+ 76. Qe4 1-0

[Event "*** Titled Tuesday Blitz"]
[Site "Chess.com"]
[Date "2020.04.21"]
[Round "3"]
[White "gurelediz"]
[Black "GM4life"]
[Result "1-0"]
[WhiteElo "2613"]
[BlackElo "2181"]
[TimeControl "180+1"]
[EndTime "10:30:38 PDT"]
[Termination "gurelediz won by checkmate"]

1. e4 c5 2. Nf3 d6 3. d4 cxd4 4. Nxd4 Nf6 5. Nc3 a6 6. Bg5 e6 7. f4 Be7 8. Qf3 h6 9. Bh4 Qc7 10. O-O-O Nbd7 11. g4 g5 12. fxg5 Ne5 13. Qg3 Nfxg4 14.
g6 fxg6 15. Bh3 Bxh4 16. Qxh4 Qe7 17. Qg3 h5 18. Bxg4 hxg4 19. h3 Rxh3 20. Rxh3 gxh3 21.
Qxh3 Bd7 22. Nf3 O-O-O 23. Nxe5 Qg5+ 24. Kb1 Qxe5 25. Rg1 Rh8 26. Qg4 g5 27. a3 Rg8 28.
Nd1 Bc6 29. Nf2 Kb8 30. Qh5 Qf4 31. Qe2 Rf8 32. Nd3 Qxe4 33. Qxe4 Bxe4 34. Rxg5 Rf1+ 35. Ka2 Bd5+ 36. b3 Rf5 37. Rg8+ Kc7 38. Rg7+ Kb6 39. Nb4 Be4 40. Re7 Re5 41. Kb2 a5 42. Na2 Bf5 43. Nc3 Kc6 44. b4 axb4 45. axb4 b5 46. Re8 Bg6 47.
Rc8+ Kb7 48. Rd8 Kc7 49. Rg8 Be4 50. Rg7+ Kb6 51. Rd7 Kc6 52. Rd8 Bd5 53. Rc8+ Kb6 54. Rd8 Bc4 55. Rxd6+ Kc7 56. Rd4 Re3 57. Re4 Rxe4 58.
Nxe4 Kc6 59. Kc3 e5 60. Kd2 Kd5 61. Ke3 Ba2 62. Nc3+ Kc4 63. Nxa2 Kd5 64. Nc1 Kc4 65. Na2 Kd5 66. Kd3 e4+ 67. Kc3 Ke5 68. Nc1 Kf4 69. Kd2 Kf3 70. Ne2 e3+ 71. Kd3 Kf2 72. Nd4 Ke1 73. Kxe3 Kd1 74. Nxb5 Kxc2 75. Nd4+ Kc3 76. b5 Kc4 77. b6 Kd5 78. b7 Ke5 79. b8=Q+ Kd5 80. Qb5+ Kd6 81. Ke4 Ke7 82. Kf5 Kf8 83. Kf6 Kg8 84. Qe8+ Kh7 85. Nf3 Kh6 86. Qh8# 1-0

[Event "*** Titled Tuesday Blitz"]
[Site "Chess.com"]
[Date "2020.04.21"]
[Round "3"]
[White "queen_iryna"]
[Black "GracefulYear"]
[Result "1-0"]
[WhiteElo "2288"]
[BlackElo "2551"]
[TimeControl "180+1"]
[EndTime "10:30:41 PDT"]
[Termination "queen_iryna won by checkmate"]

1. d4 Nf6 2. Bg5 e6 3. Nc3 h6 4. Bxf6 Qxf6 5. e4 b6 6. e5 Qg6 7.
Qf3 Nc6 8. Bd3 Qg5 9. Nge2 Bb4 10. h4 Bxc3+ 11. bxc3 Qe7 12. Qg3 Qf8 13. O-O Bb7 14.
f4 Ne7 15. f5 exf5 16. Bxf5 Nxf5 17. Rxf5 O-O-O 18. Raf1 f6 19. exf6 gxf6 20. Rxf6 Qe7 21. R6f2 Rhg8 22. Qf4 h5 23. Ng3 Rg4 24. Nf5 Qh7 25. Qe5 Kb8 26. d5 Qg8 27. Ne3 Rxh4 28. Qe7 Rg4 29. Rf8 Rc8 30. Rxg8 Rgxg8 31. c4 a5 32. Qh4 Rce8 33. Qd4 Rg3 34. Nf5 Rg4 35. Qd2 c6 36. Ne3 Rg3 37. Rf3 Rg6 38. Qf2 Rgg8 39. Rf7 cxd5 40. cxd5 h4 41. c4 h3 42. Kh2 hxg2 43.
Nxg2 Rh8+ 44. Kg1 Rh6 45. Rxd7 Ka7 46. c5 Ka6 47. c6 Bc8 48. Qf1+ b5 49. Rc7 Rg6 50.
Rf7 Bh3 51. Rb7 Rxg2+ 52. Qxg2 Bxg2 53. Kxg2 Rd8 54. Rd7 Rg8+ 55. Kf3 Kb6 56. Ke4 Rg4+ 57. Ke5 Rg8 58. Kd6 Rg6+ 59. Ke7 Rg7+ 60. Kd8 Rg8+ 61. Ke7 Rg7+ 62. Ke6 Rg6+ 63. Kf7 Rg2 64. Rb7+ Kc5 65. c7 Rf2+ 66. Ke6 Re2+ 67. Kd7 Kxd5 68. c8=Q Rd2 69.
Qc6+ Kd4 70. Qd6+ Kc3 71. Qxd2+ Kxd2 72. Rxb5 Kc3 73. Rxa5 Kb4 74. Rh5 Ka3 75. Kc6 Kxa2 76. Kb5 Kb2 77. Rh3 Kc2 78. Kb4 Kd2 79. Kc4 Ke2 80. Kd4 Kd2 81. Rh2+ Kc1 82. Kd3 Kd1 83. Rh1# 1-0

[Event "*** Titled Tuesday Blitz"]
[Site "Chess.com"]
[Date "2020.04.21"]
[Round "3"]
[White "Zq1"]
[Black "realmadridtv"]
[Result "1-0"]
[WhiteElo "2565"]
[BlackElo "2313"]
[TimeControl "180+1"]
[EndTime "10:30:42 PDT"]
[Termination "Zq1 won on time"]

1. d4 Nf6 2. c4 e6 3. g3 d5 4. Bg2 Be7 5. Nf3 O-O 6. Nc3 dxc4 7.
Ne5 Nc6 8. Bxc6 bxc6 9. Nxc6 Qe8 10. Nxe7+ Qxe7 11. Qa4 Bb7 12. O-O e5 13. dxe5 Qxe5 14.
Qxc4 Qh5 15. f3 Rad8 16. Bf4 Qh3 17. e4 Nh5 18. Qxc7 Rd7 19. Qe5 f6 20. Qf5 Qxf5 21.
exf5 Nxf4 22. gxf4 Rd2 23. Rf2 Rfd8 24. Raf1 R2d4 25.
Re1 R8d7 26. Ne4 R4d5 27. Ng3 Kf7 28. Kg2 Rd4 29. Ne4 R7d5 30. Rc1 Rd7 31. Nc5 Rc7 32. Rfc2 Bd5 33. Ne6 Rxc2+ 34. Rxc2 Bxe6 35. fxe6+ Kxe6 36. Kg3 a5 37. Rc6+ Kf7 38. b3 a4 39. Rb6 a3 40. Ra6 g5 41. fxg5 fxg5 42. Rxa3 h5 43. Ra4 h4+ 44. Kh3 Rd2 45. f4 Kg6 46. fxg5 Kxg5 47. Rg4+ Kf5 48. Rxh4 Rxa2 49. Rb4 Rb2 50. Kg3 Kg5 51. h4+ Kh5 52. Rb5+ Kg6 53. h5+ Kh6 54. Kf3 Rc2 55. Ke3 Rh2 56. Kd3 Rh4 57. Kc3 Kg7 58. Kb2 Kf6 59. Ka3 Ke6 60. b4 Kd7 61. Rc5 Rh1 62. Ka4 Ra1+ 63. Kb5 Rb1 64. Ka5 Ra1+ 65.
Kb6 Ra8 66. b5 Kd6 67. Rc6+ Kd5 68. Kb7 Rh8 69. h6 Rh7+ 70. Kb6 Rf7 71. Rg6 Kc4 72. Ka6 Kb4 73. b6 Rf2 74. b7 Rf8 75. Kb6 Rf7 76. Rg4+ 1-0

[Event "*** Titled Tuesday Blitz"]
[Site "Chess.com"]
[Date "2020.04.21"]
[Round "3"]
[White "GMBenjaminBok"]
[Black "Dyadya81"]
[Result "1-0"]
[WhiteElo "2877"]
[BlackElo "2654"]
[TimeControl "180+1"]
[EndTime "10:30:45 PDT"]
[Termination "GMBenjaminBok won by resignation"]

1. c4 e5 2. g3 h5 3. Nf3 e4 4. Nh4 c6 5. d3 Bb4+ 6. Nc3 d5 7. cxd5 cxd5 8. dxe4 d4 9. a3 Ba5 10. b4 dxc3 11.
bxa5 Qxa5 12. Bg2 c2+ 13. Qd2 Nc6 14. Qxa5 Nxa5 15. Ra2 Be6 16. Rxc2 Ne7 17. O-O O-O 18. Nf5 Nec6 19. Bb2 f6 20. Ne3 Rfd8 21. Nd5 Rac8 22. f4 f5 23. Rd1 Kf7 24. Kf2 b5 25. exf5 Bxf5 26. e4 Bg4 27. Rdc1 Nc4 28. Bf1 N6a5 29. Ne3 Nxe3 30. Rxc8 Rxc8 31. Kxe3 Nc4+ 32. Bxc4+ Rxc4 33. Rxc4 bxc4 34. Kd4 Be2 35. Ke5 Bd3 36. f5 g6 37. Kf4 a5 38. h3 Bf1 39. h4 Bd3 40. Ke5 gxf5 41. exf5 Be2 42. Kf4 Bg4 43. Bc3 a4 44.
Ke5 Be2 45. f6 Bg4 46. Kd5 Be2 47. Kc5 Bd3 48. Kb5 Bc2 49. Kxc4 Bb3+ 50. Kb4 Bd1 51. Be5 Ke6 52. Bd4 Kf7 53. Bc3 Ke6 54. Kc5 Kf7 55.
Kd6 Bg4 56. Ke5 Be6 57. Kd6 Bg4 58. Kc5 Bd1 59. Kb4 Ke6 60. Bd4 Kf7 61. g4 hxg4 62. Kc3 g3 63. Kd2 Bh5 64. Ke3 Bd1 65. Kf4 Bh5 66. Kxg3 Kg6 67. Kf4 Bd1 68. Ke5 Bg4 69. Kd6 Kf7 70. Ke5 Bh5 71. Kd5 Bf3+ 72. Kc5 Bd1 73.
Kb5 Kg6 74. h5+ Bxh5 75. Kxa4 Kf7 76. Kb5 Ke6 77. Kb6 Be2 78. a4 Bc4 79. a5 Kd7 80.
a6 Kc8 81. a7 Bd5 82. f7 1-0

[Event "*** Titled Tuesday Blitz"]
[Site "Chess.com"]
[Date "2020.04.21"]
[Round "3"]
[White "powermove"]
[Black "zurzan"]
[Result "0-1"]
[WhiteElo "1599"]
[BlackElo "2006"]
[TimeControl "180+1"]
[EndTime "10:30:46 PDT"]
[Termination "zurzan won on time"]

1. Nf3 d6 2. c4 f5 3. d4 Nf6 4. Nc3 g6 5. g3 Bg7 6. Bg2 O-O 7.
O-O c6 8. Rb1 a5 9. b3 Na6 10.
Bb2 h6 11. d5 Qc7 12. Nd4 Bd7 13.
Qd2 Nc5 14. f3 Rad8 15. e4 fxe4 16. fxe4 e5 17. Nf3 Ncxe4 18. Nxe4 Nxe4 19. Qe2 Nf6 20. Nh4 Bg4 21. Qd3 g5 22. Nf5 Nd7 23. Ne7+ Kh8 24. Ng6+ Kg8 25. Nxf8 Rxf8 26. Rxf8+ Nxf8 27. dxc6 bxc6 28. h3 Be6 29. Rd1 d5 30. cxd5 cxd5 31. Bxd5 Bxd5 32.
Qxd5+ Kh8 33. Rc1 Qb6+ 34. Kg2 Qe3 35. Qf3 Qd2+ 36. Qf2 Qd5+ 37. Kh2 Ng6 38. Rc8+ Kh7 39. Qc2 Qf3 40. Rc6 Qf7 41. a3 Bf6 42. Qf2 Kg7 43. Qf5 Ne7 44. Qd7 Nxc6 45. Qxc6 e4 46. Qc4 Bxb2 47. Qc2 Qf6 48. Kg2 e3 49. Qc7+ Kg6 50.
Qc2+ Kg7 51. Qc7+ Kg8 52. Qc8+ Kh7 53. Qd7+ Kg6 54. Qd3+ Kh5 55. Qe2+ Kg6 56. Qd3+ Kf7 57. Qd7+ Kf8 58. Qc8+ Ke7 59. Qc7+ Ke6 60. Qc6+ Ke7 61.
Qc7+ Kf8 62. Qc8+ Kf7 63. Qc7+ Qe7 64. Qc4+ Kf8 65. Qc8+ Kf7 66. Qc4+ Qe6 67. Qc7+ Kf6 68. Qc2 e2 69. Qxb2+ Kf7 70. Kf2 e1=Q+ 71. Kg2 Q6e2+ 72. Qxe2 Qxe2+ 0-1

[Event "*** Titled Tuesday Blitz"]
[Site "Chess.com"]
[Date "2020.04.21"]
[Round "3"]
[White "AliKa2810"]
[Black "NDePinEsPeRG"]
[Result "1/2-1/2"]
[WhiteElo "2587"]
[BlackElo "2861"]
[TimeControl "180+1"]
[EndTime "10:30:50 PDT"]
[Termination "Game drawn - insufficient material"]

1. d4 Nf6 2. c4 c6 3. Nc3 d5 4.
Nf3 e6 5. Bg5 h6 6. Bxf6 Qxf6 7.
Qb3 dxc4 8. Qxc4 Nd7 9. Rd1 Qe7 10. e3 Qb4 11. Qe2 Qa5 12. Qc2 g6 13. Bd3 Bg7 14. O-O O-O 15. a3 c5 16. Ne4 cxd4 17. Nxd4 Ne5 18.
Be2 Bd7 19. f4 Rac8 20. Nc3 Nc6 21. Nb3 Qc7 22. Nb5 Qd8 23. Nc5 Nb8 24. Nd6 b6 25. Nxc8 Qxc8 26. b4 bxc5 27. Qxc5 Qxc5 28.
bxc5 Rc8 29. Rb1 Bc6 30. Rfd1 Bf8 31. Rdc1 Nd7 32. Ba6 Rc7 33. Bb5 Bxb5 34. Rxb5 Bxc5 35. Rc3 Kf8 36. Kf2 Ke7 37. Kf3 h5 38. h3 Bb6 39. Rxc7 Bxc7 40. g4 hxg4+ 41. hxg4 Bb6 42. f5 gxf5 43. gxf5 Kd6 44. fxe6 fxe6 45. Rb3 Ne5+ 46. Ke4 Nc4 47. Rd3+ Ke7 48. a4 Nxe3 49. a5 Bc5 50. Rc3 Kd6 51. Rd3+ Nd5 52. Rd1 Kc6 53. Ke5 Nc7 54.
Rb1 Bd6+ 55. Kf6 e5 56. Kf5 Na6 57. Ke4 Nc5+ 58. Ke3 Bc7 59. a6 Nxa6 60. Ra1 Nb4 61. Ke4 a5 62. Rc1+ Kd7 63. Rd1+ Bd6 64. Ra1 Nc6 65.
Kd5 Bc7 66. Ke4 Nb4 67. Rd1+ Kc6 68. Rc1+ Kb6 69. Ra1 Kb5 70. Rc1 Bb8 71. Rc8 Nc6 72.
Rh8 a4 73. Rh3 Kc4 74. Ra3 Kb4 75. Ra1 Nd4 76. Rb1+ Nb3 77. Kd3 a3 78. Kc2 a2 79.
Rxb3+ Kc4 80. Ra3 Bd6 81. Rxa2 Kd5 82. Kd3 Bc5 83. Ra5 e4+ 84. Ke2 Kc4 85. Ra4+ Kd5 86.
Rxe4 Kxe4 1/2-1/2

[Event "*** Titled Tuesday Blitz"]
[Site "Chess.com"]
[Date "2020.04.21"]
[Round "3"]
[White "PredragNikac"]
[Black "ENEASZ"]
[Result "1/2-1/2"]
[WhiteElo "2273"]
[BlackElo "2528"]
[TimeControl "180+1"]
[EndTime "10:30:50 PDT"]
[Termination "Game drawn by repetition"]

1. d4 d5 2. Nc3 Bf5 3. f3 Nf6 4. Bg5 Nbd7 5. Nxd5 Nxd5 6. e4 h6 7. Bh4 Ne3 8. Qd3 Bxe4 9. Qxe4 Nxf1 10. Kxf1 c6 11. Nh3 g5 12. Bg3 Bg7 13. Re1 e6 14.
Nf2 Qa5 15. h4 O-O-O 16. Nd3 Qd5 17. Qxd5 cxd5 18. c3 b6 19. Kf2 Kb7 20. a4 Rc8 21.
h5 Rc4 22. Ra1 Rhc8 23. Bd6 Bf8 24. Bxf8 Rxf8 25. Ke3 a5 26. Kd2 Rfc8 27. g4 Kc7 28. b3 Rc6 29. Rhf1 Kd6 30. Rac1 R6c7 31. f4 Nf6 32. fxg5 Ne4+ 33. Ke3 Nxg5 34. Rf6 Rxc3 35. Rxc3 Rxc3 36. Rxh6 Rxb3 37. Rh8 Rb1 38. Ne5 Rh1 39. Rd8+ Ke7 40. Rd7+ Kf6 41. Rb7 Rh3+ 42. Ke2 Rh2+ 43.
Kd3 Rh3+ 44. Ke2 Rh2+ 45. Kf1 Rb2 46. Rxb6 Rxb6 47. Nd7+ Kg7 48. Nxb6 Nf3 49. Nd7 Nxd4 50. Ne5 Nb3 51. g5 Nc5 52. h6+ Kg8 53. Nc6 Nxa4 54.
Nxa5 Nc5 55. Nc6 Ne4 56. Ne7+ Kh7 57. g6+ fxg6 58. Ke2 Kxh6 59. Ke3 Ng5 60. Kf4 Nf7 61. Ng8+ Kg7 62. Ne7 Kf6 63. Ng8+ Kg7 64. Ne7 e5+ 65. Kg4 d4 66. Kf3 Kf6 67. Ng8+ Ke6 68. Ke4 g5 69.
Kd3 g4 70. Ke4 g3 71. Kf3 e4+ 72. Kxg3 d3 73. Kf2 d2 74. Ke2 e3 75. Kd1 Nd6 76.
Nh6 Ke5 77. Ng4+ Kd4 78. Ke2 Kc3 79. Nxe3 Nc4 80. Nxc4 Kc2 81. Ne3+ Kc1 82. Nd1 Kc2 83. Ne3+ Kc1 84. Nd1 Kc2 85. Ne3+ 1/2-1/2

[Event "*** Titled Tuesday Blitz"]
[Site "Chess.com"]
[Date "2020.04.21"]
[Round "3"]
[White "crescentmoon2411"]
[Black "MrVenky"]
[Result "1-0"]
[WhiteElo "2757"]
[BlackElo "2528"]
[TimeControl "180+1"]
[EndTime "10:30:53 PDT"]
[Termination "crescentmoon2411 won by resignation"]

1. e4 e5 2. Nf3 Nc6 3. Bc4 Nf6 4. d3 Bc5 5. O-O d6 6. c3 a6 7. a4 Ba7 8. Be3 O-O 9. Nbd2 d5 10. exd5 Nxd5 11. Bxa7 Rxa7 12. Re1 Nf4 13. Nf1 Qf6 14. N3d2 Qg6 15. Ng3 Nxd3 16. Bxd3 Qxd3 17. Nge4 Bf5 18. Nc5 Qd6 19. Nde4 Qxd1 20. Raxd1 b6 21. Nd7 Re8 22. Ng3 Bc2 23. Rd2 Bxa4 24. Nxe5 Nxe5 25. Rde2 f6 26. f4 Bb5 27. Re3 c5 28. fxe5 Rae7 29. e6 Bc4 30. Nf5 Rxe6 31. Kf2 Rxe3 32. Nxe3 Bb3 33. Re2 b5 34. Rd2 a5 35. Rd7 Rb8 36. Nf5 Be6 37. Ne7+ Kf8 38. Rc7 b4 39. Nc6 Rb6 40. Nxa5 bxc3 41. bxc3 Rb2+ 42. Kg3 Bd5 43. Rxc5 Rxg2+ 44.
Kf4 Rg5 45. h4 Rh5 46. c4 Rxh4+ 47. Kg3 Rd4 48. cxd5 Kf7 49. Nc4 f5 50. Ne5+ Kf6 51.
Nf3 Rd1 52. Kf4 g5+ 53. Nxg5 Rd4+ 54. Ke3 Rd1 55. Nf3 Ke7 56. Ke2 Kd6 57. Rc6+ Kxd5 58. Rf6 Ra1 59. Rxf5+ Ke4 60. Rh5 Ra2+ 61. Nd2+ Kd4 62.
Rxh7 Kc3 63. Rc7+ Kd4 64. Rc4+ Kd5 65. Rh4 Ra3 66. Ne4 Ra2+ 67. Ke3 Ke6 68. Rh5 Ra3+ 69. Kf4 Ra4 70. Rh6+ Kd7 71. Rd6+ Kc7 72. Rh6 Rd4 73.
Ke5 Rd1 74. Nc3 Rd3 75. Nd5+ Kb7 76. Kd6 Ka7 77. Rh1 Ka6 78. Rb1 Ka5 79. Kc5 Ka4 80. Kc4 Rh3 81. Ra1+ Ra3 82. Nc3+ 1-0

[Event "*** Titled Tuesday Blitz"]
[Site "Chess.com"]
[Date "2020.04.21"]
[Round "3"]
[White "Paralinch"]
[Black "Onwgs"]
[Result "1-0"]
[WhiteElo "2952"]
[BlackElo "2476"]
[TimeControl "180+1"]
[EndTime "10:30:54 PDT"]
[Termination "Paralinch won by resignation"]

1. e4 c5 2. Nf3 e6 3. d4 cxd4 4. Nxd4 a6 5. Bd3 Bc5 6. c3 Nc6 7. Be3 Qb6 8. Nd2 Qxb2 9. O-O Qxc3 10. N2b3 Bxd4 11. Rc1 Qb4 12. Nxd4 Nf6 13. Nxc6 bxc6 14. Bc5 Qb8 15. Bc2 d5 16. Re1 Nd7 17. Ba3 c5 18. exd5 O-O 19. d6 Bb7 20. Ba4 Qc8 21. Bxd7 Qxd7 22. Rxc5 Rac8 23. Qd4 Rxc5 24. Qxc5 Rc8 25.
Qb6 h6 26. h3 Qc6 27. Qxc6 Bxc6 28. Bb4 Bd7 29. a3 Kf8 30. Re5 Ke8 31. g4 Bb5 32. h4 Kd7 33. g5 hxg5 34. Rxg5 g6 35. h5 gxh5 36. Rxh5 Bd3 37. f3 Rc2 38. Rh8 a5 39. Bxa5 Kxd6 40. Rd8+ Ke5 41. Rxd3 Kf4 42. Bd2+ Kg3 43. f4+ Kg4 44. a4 Ra2 45. a5 f6 46.
Kf2 e5 47. fxe5 fxe5 48. Ke2 Kf5 49. Rh3 e4 50. Rh5+ Ke6 51. Rb5 Kd6 52. Ke3 Kc6 53.
Rh5 Kd6 54. Bc3 Ra3 55. Kd4 Ra4+ 56. Ke3 Ra3 57. Kd2 Ra2+ 58. Kd1 e3 59. Rh3 e2+ 60. Ke1 Kc6 61. Bd2 Kb7 62. Kxe2 Ka6 63. Rh6+ Kb7 64. Rb6+ Ka7 65. Rh6 Kb7 66. Kd3 Ka7 67. Bc3 Kb7 68. Kc4 Ka7 69. Bb4 Rg2 70. Kb5 Rg5+ 71. Bc5+ Kb7 72.
Rh7+ Ka8 73. Rh8+ Kb7 74. a6+ Kc7 75. a7 1-0

[Event "*** Titled Tuesday Blitz"]
[Site "Chess.com"]
[Date "2020.04.21"]
[Round "3"]
[White "chenrip"]
[Black "crywolf1986"]
[Result "1/2-1/2"]
[WhiteElo "2379"]
[BlackElo "2582"]
[TimeControl "180+1"]
[EndTime "10:30:59 PDT"]
[Termination "Game drawn by repetition"]

1. e4 c6 2. d4 d5 3. e5 Bf5 4. Bd3 Bxd3 5. Qxd3 e6 6. Ne2 Qa5+ 7. c3 Qa6 8. Qf3 Nd7 9. O-O c5 10. a3 Ne7 11. Be3 Nf5 12. Nf4 cxd4 13. cxd4 Ne7 14. Nc3 g6 15. b4 Bg7 16. a4 b6 17. Nb5 O-O 18. Nc7 Qb7 19. Nxa8 Rxa8 20. Rfc1 Bf8 21.
Ra2 Rc8 22. Rac2 Rxc2 23. Rxc2 Nc6 24. b5 Nb4 25. Rc1 a5 26. h4 Be7 27. h5 Nf8 28. Qe2 Qd7 29. Bd2 Qd8 30. Bxb4 Bxb4 31. Qg4 Ba3 32.
Rc6 Bb2 33. hxg6 Nxg6 34. Nxg6 hxg6 35. Qf4 Ba3 36. Qe3 Bb4 37. Qc1 Kg7 38. g3 Qh8 39.
Kg2 Qh5 40. Qf4 Be7 41. Rc7 Kf8 42. Rc8+ Kg7 43. Rc7 Kf8 44. Qf3 Qg5 45. Rb7 Qd2 46. Rxb6 Qxd4 47. Rb8+ Kg7 48. Rb7 Kf8 49. b6 Qxe5 50.
Ra7 Qd4 51. Ra8+ Kg7 52. b7 Bd6 53. b8=Q Bxb8 54. Rxb8 Qxa4 55. Rb7 Qe4 56. Qxe4 dxe4 57. Ra7 g5 58. Rxa5 f5 59. Ra7+ Kf6 60. f4 exf3+ 61. Kxf3 g4+ 62. Kf4 e5+ 63. Ke3 Kg5 64. Rf7 Kg6 65. Rf8 Kg5 66. Re8 Kf6 67. Rf8+ Kg5 68.
Rg8+ Kf6 69. Kd3 Kf7 70. Rh8 Kg7 71. Re8 Kf6 72. Kc4 f4 73. Rf8+ Kg5 74. Kd3 fxg3 75. Ke3 e4 76. Rg8+ Kh4 77. Kf4 Kh3 78. Rh8+ Kg2 79.
Kxg4 e3 80. Re8 Kf2 81. Rf8+ Kg2 82. Re8 Kf2 83. Rf8+ Kg2 84. Re8 1/2-1/2